[Event "15th Paderborner Schachtuerken-Cup 2018"]
[Site "Paderborn"]
[Date "2018.12.27"]
[Round "1"]
[White "Gutman, Lev"]
[Black "Ollech, Dirk"]
[Result "1-0"]
[ECO "A39"]
[WhiteElo "2422"]
[BlackElo "1984"]
[Annotator "ChessBase"]
[PlyCount "97"]
[EventDate "2018.12.27"]
[EventType "swiss"]
[EventCountry "GER"]
[SourceTitle "playchess.com"]
[Source "ChessBase"]
[SourceQuality "1"]
[TimeControl "40/5400+30:900+30"]

1. Nf3 Nf6 2. g3 c5 3. Bg2 Nc6 4. d4 cxd4 5. Nxd4 g6 6. O-O Bg7 7. c4 Nxd4 8. Qxd4 O-O 9. Nc3 d6 10. Qd3 Ng4 11. b3 Ne5 12. Qd2 Rb8 13. Bb2 a6 14. Rfd1 Be6 15. Ne4 Qc7 16. Rac1 b6 17. f4 Nd7 18. Bxg7 Kxg7 19. h3 Nc5 20. Nf2 a5 21. g4 f5 22. g5 b5 23. Bd5 Bxd5 24. Qd4+ Kg8 25. Qxd5+ Kg7 26. Nd3 Nxd3 27. Rxd3 Qb6+ 28. Kg2 Rfc8 29. Rdc3 b4 30. Rd3 Qb7 31. Kf2 Rc5 32. Qe6 Rbc8 33. h4 R8c7 34. h5 Qe4 35. h6+ Kf8 36. Qxe4 fxe4 37. Rd4 d5 38. Rcd1 dxc4 39. Rd8+ Kf7 40. Rh8 cxb3 41. axb3 e5 42. Rd6 exf4 43. Rf6+ Ke7 44. Rxh7+ Ke8 45. Rh8+ Ke7 46. Rxg6 a4 47. bxa4 Rc3 48. h7 Kf7 49. Rhg8 1-0

[Event "15th Paderborner Schachtuerken-Cup 2018"]
[Site "Paderborn"]
[Date "2018.12.27"]
[Round "1"]
[White "Wagner, Alexej"]
[Black "Punsaem, Gap"]
[Result "1/2-1/2"]
[ECO "D85"]
[WhiteElo "2298"]
[BlackElo "1977"]
[Annotator "NA"]
[PlyCount "62"]
[EventDate "2018.12.27"]
[EventType "swiss"]
[EventCountry "GER"]
[SourceTitle "playchess.com"]
[Source "ChessBase"]
[SourceQuality "1"]
[TimeControl "40/5400+30:900+30"]

1. d4 Nf6 2. c4 g6 3. Nc3 d5 4. cxd5 Nxd5 5. Bd2 Bg7 6. e4 Nb6 7. Be3 O-O 8. h3 Nc6 9. Nf3 Na5 10. Be2 Nac4 11. Bf4 e5 12. dxe5 Qxd1+ 13. Nxd1 Re8 14. Rc1 Nxe5 15. Rxc7 Nxf3+ 16. gxf3 f5 17. Bb5 Re6 18. Be3 fxe4 19. Bxb6 Rxb6 20. Bc4+ Be6 21. fxe4 Re8 22. b3 Bxc4 23. Rxc4 Rd6 24. f3 Rd3 25. O-O Red8 26. Nf2 Rxf3 27. Rd1 Rdf8 28. Rc2 Rg3+ 29. Kh1 Rgf3 30. Kg1 Rg3+ 31. Kh1 Rgf3 1/2-1/2

[Event "15th Paderborner Schachtuerken-Cup 2018"]
[Site "Paderborn"]
[Date "2018.12.27"]
[Round "1"]
[White "Hellrung, Bernhard"]
[Black "Levin, Felix"]
[Result "0-1"]
[ECO "C45"]
[WhiteElo "1987"]
[BlackElo "2482"]
[Annotator "ChessBase"]
[PlyCount "124"]
[EventDate "2018.12.27"]
[EventType "swiss"]
[EventCountry "GER"]
[SourceTitle "playchess.com"]
[Source "ChessBase"]
[SourceQuality "1"]
[TimeControl "40/5400+30:900+30"]

1. e4 e5 2. Nf3 Nc6 3. d4 exd4 4. Nxd4 Nf6 5. Nxc6 bxc6 6. e5 Qe7 7. Qe2 Nd5 8. c4 Nb6 9. b3 a5 10. Bb2 a4 11. g3 axb3 12. axb3 Qb4+ 13. Nd2 Rxa1+ 14. Bxa1 Qa5 15. Bd4 Bb4 16. Bg2 Qa2 17. Qd3 Bxd2+ 18. Qxd2 Qxb3 19. O-O O-O 20. c5 Nd5 21. Ra1 Nb4 22. Qc3 Qxc3 23. Bxc3 Na6 24. Bd4 Bb7 25. Bf1 Ra8 26. Ra4 Kf8 27. f4 Ke7 28. f5 f6 29. exf6+ gxf6 30. Bc4 d5 31. cxd6+ cxd6 32. Ra2 Nc7 33. Rb2 Bc8 34. Re2+ Kf8 35. Bxf6 d5 36. Bd3 Ba6 37. Bxa6 Rxa6 38. Re7 Ne8 39. Bh4 Ng7 40. f6 Nf5 41. Rxh7 Nxh4 42. Rxh4 c5 43. Rh8+ Kf7 44. Rh7+ Kg6 45. Rd7 d4 46. f7 Kg7 47. Rd5 Rc6 48. Kf2 Kxf7 49. Ke2 Kf6 50. Kd2 Rc8 51. h4 Ke6 52. Rg5 c4 53. Rg6+ Ke5 54. Rg5+ Kd6 55. Rg6+ Kc5 56. h5 Ra8 57. h6 Ra2+ 58. Kc1 d3 59. Rg4 c3 60. Kb1 Rb2+ 61. Ka1 d2 62. Rg5+ Kc4 0-1

[Event "15th Paderborner Schachtuerken-Cup 2018"]
[Site "Paderborn"]
[Date "2018.12.27"]
[Round "1"]
[White "Hoette, Moritz"]
[Black "Skembris, Spyridon"]
[Result "0-1"]
[ECO "B15"]
[WhiteElo "1979"]
[BlackElo "2384"]
[Annotator "NA"]
[PlyCount "94"]
[EventDate "2018.12.27"]
[EventType "swiss"]
[EventCountry "GER"]
[SourceTitle "playchess.com"]
[Source "ChessBase"]
[SourceQuality "1"]
[TimeControl "40/5400+30:900+30"]

1. d4 g6 2. e4 c6 3. Nf3 Bg7 4. Nc3 d5 5. exd5 cxd5 6. Bb5+ Bd7 7. Bxd7+ Qxd7 8. O-O Nc6 9. Bf4 Nh6 10. Re1 O-O 11. Ne5 Nxe5 12. Bxe5 f6 13. Bf4 Nf7 14. Bg3 Rfe8 15. Qd3 a6 16. Rad1 Rac8 17. a3 e6 18. h3 b5 19. Re2 Rc4 20. Nb1 Qc8 21. c3 e5 22. dxe5 fxe5 23. Nd2 Rc6 24. Nf1 Rd8 25. Ne3 Rcd6 26. Ng4 d4 27. Rc1 dxc3 28. Qxc3 Rd1+ 29. Rxd1 Rxd1+ 30. Kh2 Qxc3 31. bxc3 Ra1 32. f4 exf4 33. Re8+ Bf8 34. Bxf4 Kg7 35. Ra8 g5 36. Bg3 h5 37. Rxa6 hxg4 38. Rb6 Rxa3 39. Rxb5 Rxc3 40. hxg4 Bc5 41. Rb1 Kg6 42. Ra1 Nh6 43. Ra6+ Kh7 44. Ra4 Rd3 45. Rc4 Bb6 46. Rb4 Bd4 47. Rc4 Nxg4+ 0-1

[Event "15th Paderborner Schachtuerken-Cup 2018"]
[Site "Paderborn"]
[Date "2018.12.27"]
[Round "1"]
[White "Hufendiek, Ekkehard"]
[Black "Hintze, Helge"]
[Result "1-0"]
[ECO "C00"]
[WhiteElo "1976"]
[BlackElo "2283"]
[Annotator "NA"]
[PlyCount "114"]
[EventDate "2018.12.27"]
[EventType "swiss"]
[EventCountry "GER"]
[SourceTitle "playchess.com"]
[Source "ChessBase"]
[SourceQuality "1"]
[TimeControl "40/5400+30:900+30"]

1. e4 e6 2. d3 d5 3. Nd2 c5 4. Ngf3 Nc6 5. g3 Nf6 6. Bg2 b6 7. O-O Be7 8. Re1 Bb7 9. c3 Qc7 10. e5 Nd7 11. Qe2 h6 12. Nf1 b5 13. d4 b4 14. a3 bxc3 15. bxc3 Na5 16. N3d2 Bc6 17. Ne3 cxd4 18. cxd4 Rb8 19. f4 g6 20. Nf3 Bb5 21. Qf2 Nb6 22. g4 Nb3 23. Rb1 Nxc1 24. Rexc1 Qd7 25. Rc3 Rc8 26. Rxc8+ Nxc8 27. Qc2 Nb6 28. f5 gxf5 29. gxf5 Qc6 30. fxe6 Qxc2 31. exf7+ Kxf7 32. Nxc2 Bd3 33. Nfe1 Bf5 34. Rb3 Be6 35. Rf3+ Ke8 36. Nd3 Rf8 37. Nf4 Bf5 38. Nb4 Be4 39. Rf1 Rg8 40. Kh1 Bxg2+ 41. Nxg2 Kd7 42. Nf4 Rf8 43. Kg2 a5 44. Nbxd5 Nxd5 45. Nxd5 Rxf1 46. Kxf1 Bxa3 47. Ke2 Ke6 48. Nc7+ Kd7 49. Nb5 Bb2 50. Kd3 a4 51. Nc3 a3 52. Na2 Kc6 53. Ke4 Ba1 54. d5+ Kc5 55. d6 Kc6 56. Nb4+ Kd7 57. Kd5 Ke8 1-0

[Event "15th Paderborner Schachtuerken-Cup 2018"]
[Site "Paderborn"]
[Date "2018.12.28"]
[Round "2"]
[White "Ackermann, Hans Werner"]
[Black "Woestmann, Ulrich"]
[Result "1-0"]
[ECO "A06"]
[WhiteElo "2275"]
[BlackElo "2018"]
[Annotator "NA"]
[PlyCount "105"]
[EventDate "2018.12.27"]
[EventType "swiss"]
[EventCountry "GER"]
[SourceTitle "playchess.com"]
[Source "ChessBase"]
[SourceQuality "1"]
[TimeControl "40/5400+30:900+30"]

1. Nf3 Nf6 2. b3 d5 3. Bb2 c5 4. e3 a6 5. d4 Bg4 6. Be2 e6 7. O-O Nc6 8. Nbd2 cxd4 9. Nxd4 Bxe2 10. Qxe2 Nxd4 11. Bxd4 Rc8 12. c4 Be7 13. cxd5 Qxd5 14. Nc4 Qh5 15. Qxh5 Nxh5 16. Rac1 O-O 17. Nb6 Rxc1 18. Rxc1 Rd8 19. g3 Bd6 20. f4 Nf6 21. Bxf6 gxf6 22. Kf2 f5 23. Ke2 Bb4 24. Rc2 Kg7 25. Na4 Rd7 26. Nb2 Ba5 27. Nd3 Bb6 28. a4 f6 29. b4 Kf7 30. a5 Ba7 31. Rc8 b6 32. Rh8 Kg7 33. Ra8 bxa5 34. bxa5 Rc7 35. Kd2 Kf7 36. Rh8 Kg6 37. Rd8 Rc6 38. Rg8+ Kf7 39. Ra8 Rc7 40. h3 Ke7 41. Nb4 Kd6 42. Rd8+ Rd7 43. Rxd7+ Kxd7 44. Kd3 Kd6 45. Nxa6 Kc6 46. g4 fxg4 47. hxg4 f5 48. g5 e5 49. Nb4+ Kb5 50. fxe5 Bc5 51. a6 Kb6 52. Kc4 Bf8 53. e6 1-0

[Event "15th Paderborner Schachtuerken-Cup 2018"]
[Site "Paderborn"]
[Date "2018.12.28"]
[Round "2"]
[White "Hoffmann, Matthias"]
[Black "Zimmermann, Klemens"]
[Result "0-1"]
[ECO "B72"]
[WhiteElo "2019"]
[BlackElo "2282"]
[Annotator "NA"]
[PlyCount "80"]
[EventDate "2018.12.27"]
[EventType "swiss"]
[EventCountry "GER"]
[SourceTitle "playchess.com"]
[Source "ChessBase"]
[SourceQuality "1"]
[TimeControl "40/5400+30:900+30"]

1. e4 c5 2. Nf3 d6 3. d4 cxd4 4. Nxd4 Nf6 5. Nc3 Nc6 6. h3 g6 7. Be3 Bg7 8. Qd2 O-O 9. O-O-O Bd7 10. g4 Rc8 11. Kb1 Ne5 12. g5 Ne8 13. f4 Nc4 14. Bxc4 Rxc4 15. e5 dxe5 16. Ndb5 exf4 17. Bxa7 Nd6 18. Nxd6 exd6 19. Qxd6 Qa5 20. Bb6 Qa6 21. Nd5 Be6 22. b3 Rxc2 23. Kxc2 Qe2+ 24. Rd2 Qe4+ 25. Rd3 Qg2+ 26. Kc1 Qb2+ 27. Kd1 Qb1+ 28. Ke2 Qxh1 29. Ne7+ Kh8 30. Bd4 Qe4+ 31. Kd2 Re8 32. Bf6 Bf5 33. Nxf5 gxf5 34. Bxg7+ Kxg7 35. Qf6+ Kg8 36. Rd8 f3 37. Rxe8+ Qxe8 38. Qxf5 Qe2+ 39. Kc1 Qe1+ 40. Kc2 f2 0-1

[Event "15th Paderborner Schachtuerken-Cup 2018"]
[Site "Paderborn"]
[Date "2018.12.28"]
[Round "3"]
[White "Gutman, Lev"]
[Black "Kruse, Janik"]
[Result "0-1"]
[ECO "A11"]
[WhiteElo "2422"]
[BlackElo "2127"]
[Annotator "ChessBase"]
[PlyCount "108"]
[EventDate "2018.12.27"]
[EventType "swiss"]
[EventCountry "GER"]
[SourceTitle "playchess.com"]
[Source "ChessBase"]
[SourceQuality "1"]
[TimeControl "40/5400+30:900+30"]

1. Nf3 d5 2. g3 c6 3. Bg2 Bg4 4. O-O Nd7 5. d3 Ngf6 6. c4 e6 7. Be3 Bd6 8. Qb3 Qb8 9. cxd5 exd5 10. Bd4 O-O 11. Nc3 Re8 12. Rac1 h6 13. Rfe1 Nh7 14. Na4 Nhf8 15. Be3 Ne6 16. d4 Bf8 17. Qd3 Bxf3 18. exf3 Qd8 19. a3 Qa5 20. Qd1 Nb6 21. Nxb6 axb6 22. f4 Qa4 23. Qd3 Qa6 24. Qb3 b5 25. h4 Qa4 26. Qd3 b4 27. axb4 Qxb4 28. f5 Nc7 29. f6 Ra2 30. b3 Nb5 31. Red1 Nd6 32. fxg7 Bxg7 33. Bf4 Ne4 34. Bxe4 Rxe4 35. Be3 Rb2 36. Rc3 Qe7 37. Rc2 Rxc2 38. Qxc2 Qb4 39. Qd3 Qe7 40. Kg2 f5 41. Ra1 Kh7 42. Ra8 Bf6 43. Qd1 Qg7 44. Qf3 Qg4 45. Rb8 Re7 46. Ra8 Re4 47. Ra7 Re7 48. Qxg4 fxg4 49. Kf1 Kg6 50. Ra4 Re6 51. b4 h5 52. Ra8 Kf5 53. Rf8 Kg6 54. Rb8 Re7 0-1

[Event "15th Paderborner Schachtuerken-Cup 2018"]
[Site "Paderborn"]
[Date "2018.12.28"]
[Round "3"]
[White "Zimmermann, Klemens"]
[Black "Heinemann, Ernst"]
[Result "1/2-1/2"]
[ECO "A58"]
[WhiteElo "2282"]
[BlackElo "2072"]
[Annotator "NA"]
[PlyCount "49"]
[EventDate "2018.12.27"]
[EventType "swiss"]
[EventCountry "GER"]
[SourceTitle "playchess.com"]
[Source "ChessBase"]
[SourceQuality "1"]
[TimeControl "40/5400+30:900+30"]

1. d4 Nf6 2. c4 c5 3. d5 b5 4. cxb5 a6 5. bxa6 e6 6. Nc3 exd5 7. Nxd5 Nxd5 8. Qxd5 Nc6 9. Bd2 Be7 10. Bc3 O-O 11. e3 Qb6 12. a3 d6 13. Bd3 Bxa6 14. Rd1 Bxd3 15. Rxd3 Ne5 16. Rd2 c4 17. Nf3 Nd3+ 18. Ke2 Nc5 19. Qxc4 Rac8 20. Rhd1 Nb3 21. Qg4 Rxc3 22. bxc3 Nxd2 23. Nxd2 Qa6+ 24. Qc4 Qxa3 25. Qg4 1/2-1/2

[Event "15th Paderborner Schachtuerken-Cup 2018"]
[Site "Paderborn"]
[Date "2018.12.28"]
[Round "3"]
[White "Boehm, Juergen"]
[Black "Levin, Felix"]
[Result "0-1"]
[ECO "A45"]
[WhiteElo "2170"]
[BlackElo "2482"]
[Annotator "ChessBase"]
[PlyCount "106"]
[EventDate "2018.12.27"]
[EventType "swiss"]
[EventCountry "GER"]
[SourceTitle "playchess.com"]
[Source "ChessBase"]
[SourceQuality "1"]
[TimeControl "40/5400+30:900+30"]

1. d4 Nf6 2. Bg5 c5 3. Nc3 cxd4 4. Qxd4 Nc6 5. Qh4 d6 6. e4 Bd7 7. Bd3 h6 8. Nge2 Rg8 9. Bd2 g5 10. Qg3 Ne5 11. f3 a6 12. Qf2 b5 13. a3 Qc7 14. g4 e6 15. h3 Bc6 16. Rf1 Nfd7 17. Rd1 Be7 18. Nd4 Ng6 19. Nxc6 Qxc6 20. Ne2 Nde5 21. Bc3 Bd8 22. Bd4 Rb8 23. Be3 Bb6 24. Bxb6 Qxb6 25. Qxb6 Rxb6 26. f4 Nxf4 27. Nxf4 gxf4 28. Rxf4 Ke7 29. Be2 Rg5 30. Kd2 Ng6 31. Rf2 e5 32. h4 Nxh4 33. Rh2 Ng6 34. Rxh6 Nf4 35. Bf3 Ne6 36. c3 Rb8 37. Kc2 Rg6 38. Rh5 Ng5 39. Bg2 Ne6 40. Bf3 Rbg8 41. Rh4 Rf6 42. Rd3 Rf4 43. Re3 Ng5 44. Bh1 Rf2+ 45. Kb3 a5 46. Re1 Ne6 47. Ka2 Nc5 48. Rb1 Na4 49. Kb3 Nc5+ 50. Ka2 b4 51. Rh3 b3+ 52. Ka1 Rxg4 53. Re3 Rgf4 0-1

[Event "15th Paderborner Schachtuerken-Cup 2018"]
[Site "Paderborn"]
[Date "2018.12.28"]
[Round "3"]
[White "Steinle, Carsten"]
[Black "Skembris, Spyridon"]
[Result "0-1"]
[ECO "A01"]
[WhiteElo "2154"]
[BlackElo "2384"]
[Annotator "NA"]
[PlyCount "81"]
[EventDate "2018.12.27"]
[EventType "swiss"]
[EventCountry "GER"]
[SourceTitle "playchess.com"]
[Source "ChessBase"]
[SourceQuality "1"]
[TimeControl "40/5400+30:900+30"]

1. b3 e5 2. Bb2 Nc6 3. e3 d6 4. Nf3 Nf6 5. c4 g6 6. d4 Bg7 7. Nc3 exd4 8. Nxd4 O-O 9. Be2 Re8 10. Nxc6 bxc6 11. Bf3 Bd7 12. O-O h5 13. Ne2 a5 14. Qd4 Bg4 15. Qf4 Bxf3 16. Qxf3 Ne4 17. Bxg7 Kxg7 18. Rfd1 c5 19. Rac1 a4 20. Nc3 Nxc3 21. Rxc3 axb3 22. axb3 Ra2 23. Rcd3 Qa8 24. Qg3 Qe4 25. f3 Qf5 26. e4 Qf6 27. Qe1 Rea8 28. R3d2 R8a3 29. Rb1 Ra1 30. Rdd1 Rxb1 31. Rxb1 Ra2 32. h4 Qd4+ 33. Kh2 Qd3 34. Qd1 Rd2 35. Qe1 Qc2 36. Qf1 Rf2 37. Rc1 Qd2 38. Qg1 Rxf3 39. Qe1 Qf4+ 40. Kg1 Rxb3 41. Ra1 0-1

[Event "15th Paderborner Schachtuerken-Cup 2018"]
[Site "Paderborn"]
[Date "2018.12.28"]
[Round "3"]
[White "Sanati, Charlotte"]
[Black "Ackermann, Hans Werner"]
[Result "1/2-1/2"]
[ECO "A41"]
[WhiteElo "2090"]
[BlackElo "2275"]
[Annotator "NA"]
[PlyCount "87"]
[EventDate "2018.12.27"]
[EventType "swiss"]
[EventCountry "GER"]
[SourceTitle "playchess.com"]
[Source "ChessBase"]
[SourceQuality "1"]
[TimeControl "40/5400+30:900+30"]

1. d4 d6 2. c4 e5 3. Nf3 exd4 4. Nxd4 g6 {[%emt 0:00:18] A41: 1 d4 d6: Tartakower System and Modern Defence} 5. Nc3 Bg7 6. e3 (6. g3 Nc6 7. Nxc6 bxc6 8. Bg2 Ne7 9. O-O O-O 10. Bg5 Rb8 11. Qd2 f6 12. Be3 c5 13. Rad1 Be6 14. b3 Nf5 15. Bd5 Qd7 16. Bf4 g5 17. Qd3 Rf7 18. Bc1 Re8 19. e3 Bxd5 20. Nxd5 {0-1 (42) Van Wely,L (2691)-Ernst,S (2552) Wolvega 2012}) 6... Nf6 7. Be2 O-O 8. O-O {[%emt 0:00:29] N} Nbd7 9. Qc2 c6 10. b3 Qe7 $146 ({Predecessor:} 10... Nb6 11. Bb2 Qe7 12. Rad1 d5 13. cxd5 Nfxd5 14. Bf3 Rd8 15. Rfe1 Nb4 16. Qb1 c5 17. Ndb5 {½-½ (30) Nevanlinna,R (2258)-Tuominen,R (2283) Finland 2018}) 11. Bb2 Re8 12. Rad1 Nb6 13. h3 d5 14. cxd5 Nfxd5 15. Bf3 Nf6 16. Rfe1 Nfd7 17. Be2 Nf8 18. a4 a5 19. Rd2 (19. Qc1 $14) 19... Ne6 20. Nf3 Nc7 21. Red1 Ncd5 22. Nxd5 Nxd5 23. Bxg7 Kxg7 24. Qb2+ Qf6 25. Nd4 Kg8 26. Bc4 Nb6 27. Be2 Be6 28. Nxe6 {[%emt 0:02:31] Qxb} Qxb2 $1 29. Rxb2 {[%emt 0:00:06] Rxe} Rxe6 30. Rbd2 Kf8 31. Bf3 Ree8 32. Rd4 h5 33. Kf1 Re5 34. Ke2 Ke7 35. g3 $11 Rc5 36. R1d3 Rc2+ 37. Rd2 Rxd2+ 38. Kxd2 Rd8 39. Kc3 Rxd4 40. Kxd4 Kd6 41. Be2 Nd7 42. f4 b6 43. Bc4 Ke7 44. e4 1/2-1/2

[Event "15th Paderborner Schachtuerken-Cup 2018"]
[Site "Paderborn"]
[Date "2018.12.28"]
[Round "4"]
[White "Levin, Felix"]
[Black "Meessen, Max"]
[Result "1-0"]
[ECO "E04"]
[WhiteElo "2482"]
[BlackElo "2208"]
[Annotator "ChessBase"]
[PlyCount "67"]
[EventDate "2018.12.27"]
[EventType "swiss"]
[EventCountry "GER"]
[SourceTitle "playchess.com"]
[Source "ChessBase"]
[SourceQuality "1"]
[TimeControl "40/5400+30:900+30"]

1. d4 d5 2. c4 e6 3. Nf3 Nf6 4. g3 dxc4 5. Bg2 Bb4+ 6. Bd2 a5 7. a3 Bxd2+ 8. Nbxd2 b5 9. b3 cxb3 10. Qxb3 c6 11. O-O O-O 12. Rfc1 Bb7 13. Qb2 Qe7 14. Ne5 Rc8 15. Nb3 Nfd7 16. Nd3 Qd8 17. Rc2 Na6 18. Rac1 Qb6 19. h4 Rab8 20. h5 h6 21. Nbc5 Naxc5 22. Nxc5 Nxc5 23. Rxc5 Qd8 24. e3 Ba8 25. Qb3 Bb7 26. Be4 Ra8 27. f4 Qe7 28. Bb1 Rd8 29. Qc2 Qf6 30. Rxb5 cxb5 31. Qh7+ Kf8 32. Rc7 g6 33. hxg6 fxg6 34. Bxg6 1-0

[Event "15th Paderborner Schachtuerken-Cup 2018"]
[Site "Paderborn"]
[Date "2018.12.28"]
[Round "4"]
[White "Skembris, Spyridon"]
[Black "Nagel, Bernhard"]
[Result "1-0"]
[ECO "A20"]
[WhiteElo "2384"]
[BlackElo "2205"]
[Annotator "NA"]
[PlyCount "107"]
[EventDate "2018.12.27"]
[EventType "swiss"]
[EventCountry "GER"]
[SourceTitle "playchess.com"]
[Source "ChessBase"]
[SourceQuality "1"]
[TimeControl "40/5400+30:900+30"]

1. c4 e5 2. g3 Nf6 3. Bg2 c6 4. d4 exd4 5. Qxd4 d5 6. cxd5 cxd5 7. Nf3 Nc6 8. Qa4 Be6 9. O-O Bc5 10. Ne5 Rc8 11. Nd2 O-O 12. Nxc6 Rxc6 13. b4 Ra6 14. Qb3 Rb6 15. a3 a5 16. Qc3 Bd6 17. bxa5 Rc6 18. Qd3 Be5 19. Rb1 Qxa5 20. Rxb7 Rfc8 21. Nb3 Qa8 22. Rb4 Rc3 23. Qd1 Bd6 24. Bb2 Bxb4 25. axb4 R3c4 26. Bxf6 gxf6 27. Nc5 Rxb4 28. Nd3 Rbc4 29. Qd2 Qa3 30. Qh6 Qc3 31. Nf4 Rxf4 32. Qxf4 Qe5 33. Qd2 Qc3 34. Qxc3 Rxc3 35. Rd1 Rc5 36. f4 f5 37. Kf2 Kg7 38. Bf3 Kf6 39. h3 h6 40. g4 Ra5 41. Rd3 Kg6 42. Kg3 fxg4 43. hxg4 f5 44. Re3 Bf7 45. gxf5+ Kf6 46. Re5 Ra3 47. Kg4 d4 48. Rb5 Ra6 49. Rb7 Rd6 50. Be4 Bd5 51. Bxd5 h5+ 52. Kxh5 Rxd5 53. Kg4 d3 54. e4 1-0

[Event "15th Paderborner Schachtuerken-Cup 2018"]
[Site "Paderborn"]
[Date "2018.12.28"]
[Round "4"]
[White "Ackermann, Hans Werner"]
[Black "Haase, Thomas"]
[Result "1-0"]
[ECO "A13"]
[WhiteElo "2275"]
[BlackElo "2057"]
[Annotator "NA"]
[PlyCount "89"]
[EventDate "2018.12.27"]
[EventType "swiss"]
[EventCountry "GER"]
[SourceTitle "playchess.com"]
[Source "ChessBase"]
[SourceQuality "1"]
[TimeControl "40/5400+30:900+30"]

1. Nf3 c5 2. b3 d5 3. e3 Nf6 4. Bb2 e6 5. c4 Be7 6. cxd5 exd5 7. Bb5+ Nbd7 8. O-O O-O 9. d4 a6 10. Be2 Re8 11. Qc2 b6 12. Nc3 Bb7 13. Rad1 Rc8 14. dxc5 Nxc5 15. Qb1 Nfe4 16. Nxe4 Nxe4 17. Bd3 Qc7 18. Rc1 Qd7 19. Rxc8 Rxc8 20. Rc1 Bf6 21. Bxf6 Nxf6 22. Rd1 Qc7 23. Bf5 Re8 24. Rc1 Qd6 25. Qc2 Re7 26. h4 g6 27. Bc8 Bxc8 28. Qxc8+ Kg7 29. Qxa6 Rc7 30. Qf1 Rc5 31. Rxc5 Qxc5 32. Qd1 h6 33. Nd4 Ne4 34. a4 Kh7 35. Ne2 Qd6 36. Nf4 Nc3 37. Qd3 Qc6 38. h5 Kg7 39. hxg6 fxg6 40. Qd4+ Kg8 41. Qe5 g5 42. Nh5 Ne2+ 43. Kh2 Qg6 44. Qxd5+ Kf8 45. Qf3+ 1-0

[Event "15th Paderborner Schachtuerken-Cup 2018"]
[Site "Paderborn"]
[Date "2018.12.28"]
[Round "4"]
[White "Kruse, Janik"]
[Black "Zimmermann, Klemens"]
[Result "1-0"]
[ECO "E81"]
[WhiteElo "2127"]
[BlackElo "2282"]
[Annotator "NA"]
[PlyCount "36"]
[EventDate "2018.12.27"]
[EventType "swiss"]
[EventCountry "GER"]
[SourceTitle "playchess.com"]
[Source "ChessBase"]
[SourceQuality "1"]
[TimeControl "40/5400+30:900+30"]

1. d4 Nf6 2. c4 g6 3. Nc3 Bg7 4. e4 d6 5. f3 O-O 6. Be3 a6 7. Nge2 Nbd7 8. Qd2 c6 9. g4 b5 10. g5 Ne8 11. Ng3 bxc4 12. h4 e5 13. d5 c5 14. h5 Rb8 15. Qh2 Nc7 16. hxg6 fxg6 17. Qxh7+ Kf7 18. Rh6 Ke8 1-0

[Event "15th Paderborner Schachtuerken-Cup 2018"]
[Site "Paderborn"]
[Date "2018.12.28"]
[Round "4"]
[White "Heinemann, Ernst"]
[Black "Wagner, Alexej"]
[Result "1/2-1/2"]
[ECO "B51"]
[WhiteElo "2072"]
[BlackElo "2298"]
[Annotator "NA"]
[PlyCount "67"]
[EventDate "2018.12.27"]
[EventType "swiss"]
[EventCountry "GER"]
[SourceTitle "playchess.com"]
[Source "ChessBase"]
[SourceQuality "1"]
[TimeControl "40/5400+30:900+30"]

1. e4 c5 2. Nf3 d6 3. Bb5+ Nd7 4. d4 cxd4 5. Qxd4 Ngf6 6. O-O a6 7. Bxd7+ Bxd7 8. c4 e6 9. Nc3 Be7 10. b3 O-O 11. Bb2 Qc7 12. Rfe1 Rfd8 13. Qd2 b6 14. Rac1 Qb7 15. Nd4 b5 16. cxb5 axb5 17. b4 Rac8 18. Qe2 Rc4 19. Ndxb5 Bxb5 20. Nxb5 Rxe4 21. Qd3 Rxb4 22. Bxf6 Bxf6 23. a4 Rxa4 24. Nxd6 Qa8 25. Qg3 Ra2 26. Rcd1 Qa4 27. Qf3 h6 28. h3 Qb4 29. Qc6 Bd4 30. Nxf7 Rxf2 31. Nxd8 Re2+ 32. Kf1 Rf2+ 33. Kg1 Re2+ 34. Kf1 1/2-1/2

[Event "15th Paderborner Schachtuerken-Cup 2018"]
[Site "Paderborn"]
[Date "2018.12.29"]
[Round "5"]
[White "Gutman, Lev"]
[Black "Gulatz, Maurice"]
[Result "1/2-1/2"]
[ECO "A14"]
[WhiteElo "2422"]
[BlackElo "2140"]
[Annotator "NA"]
[PlyCount "90"]
[EventDate "2018.12.27"]
[EventType "swiss"]
[EventCountry "GER"]
[SourceTitle "playchess.com"]
[Source "ChessBase"]
[SourceQuality "1"]
[TimeControl "40/5400+30:900+30"]

1. Nf3 Nf6 2. g3 d5 3. Bg2 e6 4. O-O Be7 5. b3 O-O 6. Bb2 c5 7. e3 Nc6 8. c4 d4 9. exd4 cxd4 10. Re1 {[%emt 0:00:09] LiveBook: 478 Games} Ne8 11. a3 a5 12. Ne5 {[%emt 0:01:47] A14: English Opening: 1...e6 with b3 by White} Nxe5 13. Rxe5 f6 14. Re1 e5 15. d3 Nc7 16. Nd2 (16. Bc1 Kh8 17. f4 exf4 18. Bxf4 Ne6 {½-½ (33) Cornette,M (2451)-Gharamian,T (2669) Vandoeuvre 2014}) 16... Rb8 17. f4 exf4 18. gxf4 b5 19. Rc1 $146 ({Predecessor:} 19. Qe2 Bc5 {½-½ (34) Boyd,S (2458)-Lacoste,A (2273) ICCF email 2004}) 19... Bf5 20. Qf3 ({White should play} 20. c5 $14) 20... Kh8 21. Bh3 Bxh3 22. Qxh3 f5 (22... Bd6 $17 23. Qf5 bxc4 24. dxc4 (24. Rxc4 Rb5 $17) 24... Na6) 23. Nf3 bxc4 24. Ne5 Rf6 25. dxc4 Bc5 26. Kh1 Qc8 27. Rcd1 Ne6 28. Qf3 Qb7 29. Qxb7 Rxb7 30. Nd3 Bf8 31. b4 axb4 32. axb4 Bxb4 33. Nxb4 Rxb4 34. Bxd4 Rg6 35. Rb1 Rxb1 36. Rxb1 h6 37. Be3 Rg4 38. c5 Nxf4 $11 39. c6 Nd5 40. Rc1 Re4 41. Bf2 Nc7 42. Rc5 g6 43. Re5 Rc4 44. Be3 Rxc6 45. Bxh6 Ne6 1/2-1/2

[Event "15th Paderborner Schachtuerken-Cup 2018"]
[Site "Paderborn"]
[Date "2018.12.29"]
[Round "5"]
[White "Ackermann, Hans Werner"]
[Black "Skembris, Spyridon"]
[Result "0-1"]
[ECO "A27"]
[WhiteElo "2275"]
[BlackElo "2384"]
[Annotator "NA"]
[PlyCount "76"]
[EventDate "2018.12.27"]
[EventType "swiss"]
[EventCountry "GER"]
[SourceTitle "playchess.com"]
[Source "ChessBase"]
[SourceQuality "1"]
[TimeControl "40/5400+30:900+30"]

1. Nf3 g6 2. c4 Bg7 3. Nc3 e5 4. d4 exd4 5. Nxd4 Nc6 6. Nc2 $11 {[%emt 0:01:11] LiveBook: 31 Games} d6 7. e3 Nf6 8. Be2 O-O 9. O-O Re8 10. a4 a5 11. Nb5 Ne4 12. f3 Nc5 13. Ra3 Nb4 14. Ncd4 c6 15. Nc3 f5 16. Nc2 Be6 17. Kh1 Bf7 18. Qd2 Qe7 19. Nd1 Nca6 20. Nf2 Nxc2 21. Qxc2 Nb4 22. Qb1 d5 23. cxd5 Bxd5 24. Nd1 Qf7 25. b3 Rad8 26. Nb2 Kh8 27. Nc4 Qc7 28. h3 Qg3 29. Bb2 Bxc4 30. Bxg7+ Kxg7 31. Qb2+ Qe5 32. Qxe5+ Rxe5 33. bxc4 Rd2 34. Rf2 Rb2 35. Kh2 f4 36. e4 Re7 37. Rc3 Rd7 38. Kg1 Rdd2 0-1